Map: Dasan Station LE

Players

MarineLorD - Winner!

  • Race: Terran Terran
  • League: Master

Bly

  • Race: Zerg Zerg
  • League: Master

Event: DreamHack ZOWIE Open Valencia 2016

VOD

Have the link to the VOD?

Description

Time

  • Played on: July 14, 2016, 2:06 p.m.
  • Length: 10:52

All games in this series

Show
View Real Time Build Order
Export as new Build Order

MarineLorD Terran - Winner!

Build Orders: Reaper Expand, Bio Tank 

Get SALT Encoding   

  12  0:00  SCV  
  13  0:12  SCV  
  14  0:17  Supply Depot  
  14  0:24  SCV  
  15  0:39  SCV  
  15  0:41  Barracks  
  16  0:44  Refinery  
  16  0:51  SCV  
  17  1:03  SCV  
  18  1:15  SCV  
  19  1:28  Orbital Command, Reaper  
  20  1:44  Command Center  
  20  1:55  SCV  
  20  1:59  Marine  
  22  2:02  Supply Depot  
  22  2:08  Bunker  
  23  2:13  Factory  
  23  2:14  SCV  
  23  2:20  Bunker  
  23  2:24  Marine  
  23  2:27  SCV  
  24  2:39  SCV  
  24  2:42  Marine  
  26  2:50  Supply Depot  
  26  2:51  SCV, Refinery  
  27  2:57  Factory Tech Lab  
  27  3:03  SCV, Marine  
  25  3:15  SCV  
  23  3:21  Marine  
  23  3:27  SCV  
  23  3:31  Orbital Command  
  22  3:39  SCV  
  22  3:45  Marine  
  23  3:51  SCV  
  24  4:01  Siege Tank  
  26  4:03  SCV  
  26  4:05  SCV  
  28  4:14  Barracks Reactor  
  28  4:16  SCV  
  29  4:17  SCV  
  29  4:23  Starport  
  30  4:28  SCV  
  30  4:29  SCV  
  32  4:35  Siege Tank  
  35  4:40  SCV  
  35  4:43  SCV  
  37  4:49  Marine x2  
  39  4:53  SCV  
  39  4:54  Barracks  
  39  4:55  SCV, Barracks  
  41  5:00  Medivac  
  41  5:05  SCV  
  44  5:07  SCV  
  44  5:09  Marine x2  
  47  5:17  SCV  
  47  5:19  SCV  
  47  5:23  Engineering Bay  
  47  5:26  Supply Depot  
  47  5:27  Supply Depot  
  47  5:28  Siege Tank  
  50  5:29  SCV  
  50  5:31  SCV  
  50  5:35  Marine x2  
  54  5:42  Barracks Tech Lab  
  54  5:43  Barracks Tech Lab  
  54  5:46  Refinery  
  54  5:48  SCV x2  
  55  6:00  SCV x2  
  55  6:01  Marine  
  55  6:02  Marine  
  55  6:03  Marine  
  54  6:16  Supply Depot  
  54  6:17  Supply Depot  
  54  6:24  Supply Depot  
  54  6:37  Marine x4  
  54  6:38  SCV x2, Medivac, Stimpack  
  62  6:45  Supply Depot  
  62  6:50  SCV x2  
  62  6:52  Terran Infantry Weapons Level 1  
  64  6:55  Marine x4  
  64  7:00  Refinery  
  68  7:02  SCV x2, Siege Tank  
  73  7:14  SCV x2  
  73  7:15  Marine x2, Starport Reactor  
  77  7:16  Marine  
  78  7:25  Marine  
  78  7:26  SCV x2  
  81  7:33  Marine x2  
  81  7:34  Marine, Siege Tank  
  86  7:43  Supply Depot  
  86  7:44  Supply Depot  
  86  7:58  Supply Depot  
  86  8:00  Supply Depot  
  86  8:04  Marine x4  
  90  8:06  Siege Tank  
  89  8:21  Supply Depot, Medivac, Barracks  
  89  8:22  Supply Depot, Marine x4, Medivac, Barracks  
  97  8:28  Barracks  
  97  8:30  Supply Depot  
  97  8:31  SCV  
  97  8:32  SCV  
  99  8:37  Combat Shields  
  99  8:40  Marine x4  
  103  8:42  Siege Tank  
  106  8:52  Medivac  
  108  8:57  Marine x4  
  112  9:09  Marine  
  106  9:12  Marine  
  106  9:15  Marine x4  
  99  9:24  Medivac  
  99  9:27  Marine  
  99  9:30  Marine  
  101  9:32  Siege Tank  
  101  9:33  Marine x4, Medivac  
  106  9:45  Marine  
  105  9:48  Marine  
  105  9:51  Marine x4  
  99  9:54  Medivac  
  95  10:03  Marine, Medivac  
  95  10:04  Siege Tank  
  95  10:05  Marine  
  100  10:09  Marine x4  
  104  10:21  Marine  
  105  10:23  Marine  
  105  10:26  Marine x2  
  108  10:30  Marine  
Show
View Real Time Build Order
Export as new Build Order

Bly Zerg 

Build Orders: Pool First 

Get SALT Encoding   

  12  0:01  Drone  
  13  0:13  Overlord  
  13  0:17  Drone  
  14  0:32  Drone x2  
  16  0:42  Spawning Pool  
  15  0:43  Drone  
  15  0:48  Drone  
  17  1:11  Hatchery  
  17  1:14  Drone  
  17  1:15  Extractor  
  16  1:21  Drone  
  17  1:29  Zergling x2  
  17  1:30  Roach Warren  
  17  1:38  Queen  
  19  1:44  Drone  
  20  1:54  Overlord  
  20  2:11  Roach  
  20  2:13  Roach  
  20  2:14  Roach  
  26  2:26  Roach  
  28  2:33  Drone x2  
  28  2:36  Drone  
  30  2:43  Drone  
  31  2:45  Drone  
  32  2:53  Queen  
  32  2:56  Overlord  
  34  3:04  Drone x2  
  34  3:23  Drone x3  
  34  3:24  Drone x2  
  37  3:30  Drone x2  
  39  3:43  Overlord  
  39  3:49  Roach x3, Extractor  
  39  3:50  Overlord  
  44  3:59  Hatchery  
  41  4:05  Roach x3  
  41  4:08  Metabolic Boost  
  45  4:21  Zergling x14  
  52  4:26  Ravager  
  52  4:36  Overlord  
  52  4:37  Zergling x4  
  54  4:46  Zergling x2  
  54  4:47  Zergling x2  
  54  4:48  Overlord  
  54  4:51  Overlord  
  56  4:58  Zergling x2  
  56  4:59  Zergling x6, Queen  
  60  5:07  Overlord  
  62  5:13  Zergling x8  
  66  5:19  Zergling x4  
  68  5:29  Zergling x10  
  68  5:34  Overlord  
  74  5:35  Ravager x2  
  74  5:36  Ravager x3  
  74  5:38  Overlord  
  78  5:48  Overlord  
  72  6:03  Zergling x2  
  72  6:04  Zergling x16  
  63  6:13  Zergling x12  
  65  6:21  Zergling x2  
  65  6:22  Zergling x8  
  63  6:33  Drone x3  
  63  6:34  Lair  
  66  6:44  Drone x3  
  69  6:49  Drone  
  69  6:50  Drone x3  
  73  6:55  Drone x7  
  73  7:00  Extractor  
  79  7:06  Overlord  
  79  7:17  Overlord  
  79  7:19  Overlord x2  
  79  7:20  Extractor x2  
  77  7:23  Drone x6  
  77  7:28  Extractor, Overlord  
  77  7:29  Drone  
  84  7:30  Drone x4  
  84  7:33  Overlord  
  87  7:47  Overlord  
  87  7:55  Glial Reconstitution, Spire  
  85  8:08  Hatchery  
  78  8:21  Roach  
  78  8:22  Roach x13  
  106  8:49  Overlord  
  106  8:56  Ravager x4  
  106  8:58  Roach x15  
  141  9:03  Ravager x3  
  133  9:14  Roach x5  
  120  9:20  Roach x6  
  113  9:28  Roach  
  113  9:29  Roach x3  
  115  9:31  Ravager x4  
  115  9:32  Ravager  
  107  9:41  Roach  
  107  9:42  Roach x3  
  76  9:55  Roach x5  
  76  10:00  Roach x4  
  64  10:10  Roach x2  
  64  10:11  Ravager x3  
  64  10:12  Roach  
  67  10:15  Ravager  
  67  10:21  Ravager x3  
  60  10:22  Ravager  
  60  10:23  Roach x3  

Tags
 
Add a new tag
Caveats
  • Supply blocks, unpowered buildings, or Contaminate may cause inaccurate times.
  • Supply counts are checked every 10 seconds.